 Dungeon Crawl Stone Soup version 0.26-a0-812-g31a745ddcd (webtiles) character file.

Game seed: 4889003923832538449

114 kae the Insei (level 4, 0/25 HPs)
             Began as a Tengu Transmuter on Nov 23, 2020.
             Slain by a gnoll
             ... wielding a +0 halberd
              (10 damage)
             ... on level 2 of the Dungeon.
             The game lasted 00:01:35 (2887 turns).

kae the Insei (Tengu Transmuter)                    Turns: 2887, Time: 00:01:36

Health: 0/25       AC:  2    Str: 11    XL:     4   Next: 98%
Magic:  0/8        EV: 21    Int: 14    God:
Gold:   118        SH:  0    Dex: 19    Spells: 3/7 levels left

rFire    . . .     SeeInvis .     - Unarmed
rCold    . . .     Faith    .   (shield currently unavailable)
rNeg     . . .     Spirit   .   (armour currently unavailable)
rPois    x         Reflect  .   (helmet currently unavailable)
rElec    .         Harm     .   (cloak currently unavailable)
rCorr    .         Rampage  .   (gloves currently unavailable)
MR       .....                  (boots unavailable)
Stlth    ++........             (no amulet)
HPRegen  0.08/turn              (no ring)
MPRegen  0.11/turn              (no ring)

@: spider-form, very slightly contaminated
A: tiny
a: End Transformation


You were on level 2 of the Dungeon.
You were a venomous arachnid creature.
You visited 1 branch of the dungeon, and saw 2 of its levels.

You collected 118 gold pieces.

Inventory:

Armour
 a - a +0 robe (melded)
Scrolls
 b - 2 scrolls of remove curse {unknown}
 c - 5 scrolls of identify {unknown}
 d - 2 scrolls of enchant armour {unknown}
 f - a scroll of teleportation {unknown}
 g - a scroll of immolation {unknown}
 h - a scroll of fog {unknown}
Potions
 e - 2 potions of brilliance {unknown}
 i - 2 potions of curing {unknown}
 j - a potion of degeneration {unknown}


   Skills:
 + Level 1.6 Fighting
 + Level 2.7 Dodging
 * Level 4.2 Unarmed Combat
 + Level 2.4 Spellcasting
 * Level 2.4 Transmutations
 * Level 1.2 Poison Magic


You had 3 spell levels left.
You knew the following spells:

 Your Spells              Type           Power        Failure   Level
a - Beastly Appendage     Tmut           #.....       22%         1
b - Spider Form           Tmut/Pois      #.........   54%         3

Your spell library contained the following spells:

 Spells                   Type           Power        Failure   Level
 Wereblood                Tmut           #.......     30%         2
 Ice Form                 Ice/Tmut       #.......     92%         4
 Blade Hands              Tmut           #.........   98%         5


Dungeon Overview and Level Annotations

Branches:
Dungeon (2/15)

Altars:
Yredelemnul

Annotations:
D:2 exclusions: 3 gnolls and hobgoblin


Innate Abilities, Weirdness & Mutations

((You have a beak for a mouth.))
((You have claws for feet.))


Message History

Casting: Spider Form (extremely dangerous; 32% risk of failure)
Confirm with . or Enter, or press ? or * to list all spells.
The spell is extremely dangerous to cast (32% risk of failure)!
Continue anyway? [Y]es or [N]o only, please.
The spell is extremely dangerous to cast (32% risk of failure)!
Continue anyway?
You miscast Spider Form.
Nothing appears to happen.
The gnoll shouts!
Casting: Spider Form (extremely dangerous; 32% risk of failure)
Confirm with . or Enter, or press ? or * to list all spells.
The spell is extremely dangerous to cast (32% risk of failure)!
Continue anyway? [Y]es or [N]o only, please.
The spell is extremely dangerous to cast (32% risk of failure)!
Continue anyway?
You turn into a venomous arachnid creature.
Your +0 robe melds into your body.
The gnoll hits you from afar with a +0 halberd!
Ouch! That really hurt!
You hit the gnoll.
The gnoll is poisoned.
The gnoll is moderately wounded.
The gnoll hits you with a +0 halberd!
You die...

...................'.....'.......
<..###...#####.#.###.....########
#### #...# #.#.# #.....# #....
#########'#.# #.....# #.###
####.......# #.....# #.# #
#######..'.......# ####### #.# #
.....##.##.g.....# #.###
####..#.########.# #.... ##.#.#
#s# ##### #####...##### #g#
..........?.# #.# #########.###
#.# # #.... #.# # ...).. #)#
.....g.##.# ####........##.#
#......_.......#


You could see a gnoll (very poisoned).

Vanquished Creatures
  Jessica (D:2)
  3 adders (D:2)
  A gnoll (D:2)
  A dart slug (D:1)
  A leopard gecko (D:1)
  4 giant cockroaches
  11 hobgoblins
  A quokka (D:2)
  5 bats
  4 frilled lizards
  7 goblins
  4 kobolds
  2 rats (D:1)
45 creatures vanquished.

Notes
Turn   | Place    | Note
-------+----------+-------------------------------------------
     0 | D:1      | kae the Tengu Transmuter began the quest for the Orb.
     0 | D:1      | Reached XP level 1. HP: 12/12 MP: 4/4
   287 | D:1      | Reached XP level 2. HP: 15/16 MP: 6/6
  1115 | D:1      | Reached XP level 3. HP: 20/20 MP: 5/7
  1127 | D:1      | Learned a level 3 spell: Spider Form
  1514 | D:2      | Found a basalt altar of Yredelemnul.
  1550 | D:2      | Noticed Jessica
  1563 | D:2      | Killed Jessica
  1563 | D:2      | Reached skill level 4 in Unarmed Combat
  1563 | D:2      | Reached XP level 4. HP: 16/25 MP: 4/8
  2084 | D:2      | Reached skill level 1 in Poison Magic
  2887 | D:2      | Slain by a gnoll

Illustrated notes

Levels and vault maps discovered:
D:1:      scummos_arrival_gate, layout_loops_ring, kennysheep_another_room
D:2:      layout_basic, nicolae_overflow_crystal_walls,
          corexii_leaking_fountain, chequers_arboretum, uniq_jessica

Skill      XL: |  1  2  3  4 |
---------------+-------------+-----
Transmutations | 2 |  2.4
Unarmed Combat | 4 |  4.2
Poison Magic   | 1 |  1.2
Fighting       | |  1.6
Dodging        | |  2.7
Spellcasting   | |  2.4

Action                   |  1- 3 |  4- 6 || total
-------------------------+-------+-------++-------
Melee: Unarmed           |    67 |    50 ||   117
       Peck              |    12 |     3 ||    15
       Kick              |    19 |     4 ||    23
       Headbutt          |     7 |     3 ||    10
       Punch             |     1 |       ||     1
 Cast: Beastly Appendage |    15 |     6 ||    21
       Spider Form       |     1 |     3 ||     4
  Use: Potion            |       |     2 ||     2
 Stab: Sleeping          |     2 |     1 ||     3
Armor: Robe              |    10 |     4 ||    14
       Skin              |     1 |       ||     1
Dodge: Dodged            |    45 |    35 ||    80

Table legend: (Time is in decaauts)
 A = Elapsed time spent in this place.
 B = Non-inter-level travel time spent in this place.
 C = Inter-level travel time spent in this place.
 D = Time resting spent in this place.
 E = Time spent auto-exploring this place.
 F = Levels seen in this place.
 G = Mean time per level.
                   A        B        C        D        E       F      G
               +--------+--------+--------+--------+--------+-----+--------+
         Total |   2878 |   2853 |     25 |    336 |   2144 |   2 | 1439.0 |
       Dungeon |   2878 |   2853 |     25 |    336 |   2144 |   2 | 1439.0 |
               +--------+--------+--------+--------+--------+-----+--------+

Top non-repeatable levels by time:
     D:2: 1518 daAuts
     D:1: 1360 daAuts
